 Dungeon Crawl Stone Soup version 0.29.0-4-gdea44cf6ec (webtiles) character file.

Game seed: 17238969649654797507

294 qw the Chopper (level 6, 0/35 HPs)
             Began as a Tengu Warper on Aug 28, 2022.
             Was an Initiate of Okawaru.
             Slain by a white imp (3 damage)
             ... summoned by Eustachio
             ... on level 4 of the Dungeon.
             The game lasted 00:00:25 (4213 turns).

qw the Chopper (Tengu Warper)                       Turns: 4213, Time: 00:00:25

Health: 0/35       AC: 10    Str: 13    XL:     6   Next: 34%
Magic:  10/10      EV: 13    Int: 14    God:    Okawaru [......]
Gold:   33         SH:  0    Dex: 13    Spells: 9/9 levels left

rFire   . . .      SeeInvis .   Y - +1 hand axe (freeze)
rCold   . . .      Faith    .   (no shield)
rNeg    . . .      Spirit   .   d - +1 ring mail "Biwkei" {Slay+4 Stlth+}
rPois   .          Reflect  .   (helmet restricted)
rElec   .          Harm     .   f - +0 cloak
rCorr   .          Rampage  .   k - +2 pair of gloves
Will    .....                   (boots unavailable)
Stlth   ++........              (no amulet)
HPRegen 0.11/turn               (no ring)
MPRegen 0.12/turn               (no ring)

@: lethally poisoned (0 -> -2), flying quickly and evasively, quick
A: beak, talons 3, nimble flight
a: Renounce Religion


You were on level 4 of the Dungeon.
You worshipped Okawaru.
Okawaru was noncommittal.
You visited 2 branches of the dungeon, and saw 5 of its levels.

You collected 153 gold pieces.
You spent 120 gold pieces at shops.


Innate Abilities, Weirdness & Mutations

You have a beak for a mouth.
You have claws for feet.
Your magical nature lets you fly swiftly and evasively.


   Skills:
 + Level 2.0 Fighting
 - Level 7.1 Axes
 - Level 1.0 Throwing
 - Level 1.1 Armour
 - Level 2.1 Dodging
 - Level 2.0 Spellcasting
 - Level 2.4 Translocations


You had 9 spell levels left.
You didn't know any spells.
Your spell library contained the following spells:

 Spells                   Type           Power      Damage    Failure   Level
 Blink                    Tloc           16%        N/A       28%         2
 Gell's Gravitas          Tloc           8%         N/A       50%         3
 Lesser Beckoning         Tloc           8%         N/A       50%         3
 Teleport Other           Tloc           8%         N/A       50%         3
 Manifold Assault         Tloc           8%         N/A       99%         5

Inventory:

Hand Weapons
 h - a +0 whip
 Y - a +1 hand axe of freezing (weapon)
Armour
 d - the +1 ring mail "Biwkei" (worn) {Slay+4 Stlth+}
   (You found it on level 3 of the Dungeon)

   Slay:      It affects your accuracy & damage with ranged weapons and melee
   (+4).
   Stlth:     It makes you more stealthy.
 f - a +0 cloak (worn)
 k - a +2 pair of gloves (worn)
Jewellery
 e - a ring of ice
Scrolls
 o - a scroll of identify
Potions
 a - a potion of attraction {unknown}
 b - a potion of brilliance {unknown}
 c - a potion of resistance {unknown}
 g - a potion of lignification {unknown}
 i - a potion of haste
 m - a potion of might {unknown}
 n - 5 potions of curing

Dungeon Overview and Level Annotations

Branches:
Dungeon (4/15)             Temple (1/1) D:4

Altars:
Dithmenos
Elyvilon
Gozag
Hepliaklqana
Kikubaaqudgha
Nemelex Xobeh
Okawaru
Qazlal
Ru
Sif Muna
Trog
Vehumet
Wu Jian
Xom
The Shining One

Shops:
D:4 !

Annotations:
D:3 1 runed translucent door, qw's ghost, weakling TeWr
D:4 Eustachio


Message History

Eustachio mumbles some strange words.
Eustachio blinks!
You closely miss Eustachio. Eustachio hits you but does no damage.
You are poisoned.
You hit Eustachio but do no damage. You claw Eustachio!
Eustachio is moderately wounded.
You feel sick.
Eustachio gestures wildly while chanting.
You hit Eustachio. You freeze Eustachio. You peck Eustachio.
Eustachio is heavily wounded.
You feel sick.
Eustachio casts a spell.
You hit Eustachio. You freeze Eustachio. You claw Eustachio.
You peck Eustachio!
Eustachio is almost dead.
You slash the crimson imp! You freeze the crimson imp.
You completely miss the crimson imp.
You feel sick.
The iron imp disappears in a puff of smoke!
Eustachio misses you.
The crimson imp hits you but does no damage. x2
You hit Eustachio. You freeze Eustachio. Your kick misses Eustachio.
Eustachio is almost dead.
You hit the crimson imp. You freeze the crimson imp.
You barely miss the crimson imp. You hit the white imp.
You feel sick.
Eustachio gestures wildly while chanting.
Eustachio blinks!
You hit the crimson imp. You freeze the crimson imp.
You kill the crimson imp!
The crimson imp disappears in a puff of smoke!
You closely miss the white imp. You hit the crimson imp.
You freeze the crimson imp.
The white imp hits you but does no damage.
The crimson imp blinks!
Eustachio casts a spell.
You hit the white imp.
The white imp is moderately wounded.
You feel sick.
The crimson imp blinks!
The white imp hits you.
You die...

#.......# #..[....#
####.......# #..........#
#.5........# #..........#
##..¤.....#.######
......%¤.¤........
#####5@#.#....##
S#######%¤#.###...###
h5@.5..'¤##...###...######
.#####.b.#........#.......
#.b.##..>..##......)..
...#........#..........
##....###...##..........
##.@...###.#..##.......
#..##...#.#...........


You could see Eustachio, a crimson imp (summoned), a white imp (summoned) and 2
bats.

Vanquished Creatures
  An ogre (D:4)
  A hound (D:4)
  A jelly (D:2)
  Terence (D:2)
  An iguana (D:4)
  3 adders
  A worm (D:2)
  A dart slug (D:2)
  7 ball pythons
  8 endoplasms
  A giant cockroach (D:1)
  8 goblins
  6 hobgoblins
  6 jackals
  5 kobolds
  5 quokkas
  5 bats
  2 frilled lizards
  7 rats
70 creatures vanquished.

Vanquished Creatures (others)
  7 plants (D:3)
7 creatures vanquished.

Grand Total: 77 creatures vanquished

Notes
Turn   | Place    | Note
-------+----------+-------------------------------------------
     0 | D:1      | qw the Tengu Warper began the quest for the Orb.
     0 | D:1      | Reached XP level 1. HP: 12/12 MP: 4/4
     0 | D:1      | 0 ||| qw: Version: 0.1-a-89-g26bdef1
     0 | D:1      | 0 ||| qw: Game counter: 2610
     0 | D:1      | 0 ||| qw: Always use a shield: true
     0 | D:1      | 0 ||| qw: God list: Okawaru
     0 | D:1      | 0 ||| qw: Allow faded altars: false
     0 | D:1      | 0 ||| qw: Do Orc after D:15 true
     0 | D:1      | 0 ||| qw: Do second Lair branch before Depths: true
     0 | D:1      | 0 ||| qw: Lair rune preference: random
     0 | D:1      | 0 ||| qw: Plans: Normal
     0 | D:1      | 0 ||| PLANNING D:1-11
   176 | D:1      | Reached skill level 3 in Axes
   176 | D:1      | Reached XP level 2. HP: 11/17 MP: 6/6
   705 | D:1      | 705 ||| DROPPING +0 club.
  1644 | D:1      | Reached XP level 3. HP: 19/21 MP: 7/7
  1690 | D:1      | 1690 ||| UPGRADING to +0 cloak.
  1695 | D:1      | 1695 ||| UPGRADING to +0 ring mail.
  1705 | D:1      | 1705 ||| DROPPING +0 leather armour.
  1706 | D:1      | 1706 ||| UPGRADING to +2 pair of gloves.
  1711 | D:1      | 1711 ||| DROPPING ring of flight.
  1712 | D:1      | 1712 ||| READING scroll labelled ECUNIS OPNA.
  1717 | D:1      | 1717 ||| READING scroll labelled KAISIO SYGOPSU.
  1718 | D:1      | 1718 ||| READING scroll labelled BAT ROL SEHOI.
  1719 | D:1      | 1719 ||| DRINKING 2 sedimented red potions.
  1720 | D:1      | 1720 ||| DROPPING scroll of blinking.
  1721 | D:1      | 1721 ||| DROPPING potion of flight.
  1764 | D:2      | Reached skill level 4 in Axes
  1795 | D:2      | 1795 ||| FLEEEEING.
  1796 | D:2      | 1796 ||| FLEEEEING.
  1805 | D:2      | 1805 ||| FLEEEEING.
  1819 | D:2      | 1819 ||| FLEEEEING.
  1820 | D:2      | 1820 ||| FLEEEEING.
  1823 | D:2      | 1823 ||| STAIRDANCE
  1894 | D:1      | 1894 ||| READING scroll labelled PISCHO YWULAOF.
  1895 | D:1      | 1895 ||| READING scroll labelled FASELE JUKYPOA.
  1996 | D:2      | Identified the +1 spear "Diakkoqy" {freeze, rElec rN+}
  2022 | D:2      | Reached skill level 5 in Axes
  2022 | D:2      | Reached XP level 4. HP: 24/26 MP: 8/8
  2483 | D:2      | Noticed Terence
  2484 | D:2      | 2484 ||| Stepping ~*~*~tactically~*~*~ (hiding).
  2493 | D:2      | Killed Terence
  2494 | D:2      | Gained mutation: Your magical nature lets you fly swiftly
                  | and evasively. [Tengu growth]
  2494 | D:2      | Reached XP level 5. HP: 21/30 MP: 9/9
  2649 | D:2      | 2649 ||| UPGRADING to +0 scale mail.
  2659 | D:2      | 2659 ||| DROPPING +0 ring mail.
  2660 | D:2      | 2660 ||| READING scroll labelled JOTUTA HOTT.
  2661 | D:2      | 2661 ||| READING scroll labelled SUSASO ZONTAOTZ.
  2662 | D:2      | 2662 ||| READING scroll labelled WIZAOC IHAZAMOSAV.
  2703 | D:3      | Found a runed translucent door.
  2713 | D:3      | Noticed qw's ghost (weakling TeWr)
  2754 | D:3      | Found a faded altar of an unknown god.
  2785 | D:3      | Found a white marble altar of Elyvilon.
  2794 | D:3      | Identified the +1 ring mail "Biwkei" {Slay+4 Stlth+}
  2874 | D:3      | Found a sacrificial altar of Ru.
  3200 | D:3      | 3200 ||| Stepping ~*~*~tactically~*~*~ (stealth).
  3400 | D:3      | 3400 ||| UPGRADING to +1 ring mail "Biwkei" {Slay+4
                  | Stlth+}.
  3410 | D:3      | 3410 ||| DROPPING +0 scale mail.
  3411 | D:3      | 3411 ||| DROPPING ring of magical power.
  3412 | D:3      | 3412 ||| READING scroll labelled ODOJADGHOWKO.
  3413 | D:3      | 3413 ||| DRINKING 2 murky orange potions.
  3414 | D:3      | 3414 ||| DRINKING 2 fizzy sapphire potions.
  3460 | D:4      | Reached skill level 6 in Axes
  3479 | D:4      | Noticed an ogre
  3487 | D:4      | Killed an ogre
  3488 | D:4      | Reached XP level 6. HP: 20/35 MP: 10/10
  3618 | D:4      | 3618 ||| Stepping ~*~*~tactically~*~*~ (stealth).
  3648 | D:4      | Found Fijeliad's Distillery.
  3661 | D:4      | 3661 ||| BUYING 2 potions of curing (60 gold).
  3661 | D:4      | Bought 2 potions of curing for 60 gold pieces
  3661 | D:4      | 3661 ||| BUYING potion of curing (30 gold).
  3661 | D:4      | Bought a potion of curing for 30 gold pieces
  3661 | D:4      | 3661 ||| BUYING potion of curing (30 gold).
  3661 | D:4      | Bought a potion of curing for 30 gold pieces
  3661 | D:4      | 3661 ||| SHOPLISTING potion of haste (100 gold, have 33).
  3661 | D:4      | 3661 ||| SHOPLISTING potion of heal wounds (50 gold, have
                  | 33).
  3663 | D:4      | Noticed Eustachio
  3671 | D:4      | Found a staircase to the Ecumenical Temple.
  3672 | D:4      | 3672 ||| PLANNING TEMPLE
  3672 | D:4      | 3672 ||| READING scroll labelled COJEBICELOSK.
  3682 | D:4      | 3682 ||| Stepping randomly (stuck).
  3694 | D:4      | 3694 ||| FLEEEEING.
  3695 | D:4      | 3695 ||| FLEEEEING.
  3696 | D:4      | 3696 ||| FLEEEEING.
  3701 | D:4      | 3701 ||| FLEEEEING.
  3716 | D:4      | 3716 ||| FLEEEEING.
  3719 | D:4      | 3719 ||| FLEEEEING.
  3720 | D:4      | 3720 ||| FLEEEEING.
  3721 | D:4      | 3721 ||| FLEEEEING.
  3722 | D:4      | 3722 ||| FLEEEEING.
  3723 | D:4      | 3723 ||| FLEEEEING.
  3724 | D:4      | 3724 ||| FLEEEEING.
  3725 | D:4      | 3725 ||| FLEEEEING.
  3728 | D:4      | 3728 ||| FLEEEEING.
  3730 | D:4      | 3730 ||| FLEEEEING.
  3731 | D:4      | 3731 ||| FLEEEEING.
  3732 | D:4      | 3732 ||| FLEEEEING.
  3733 | D:4      | 3733 ||| FLEEEEING.
  3734 | D:4      | 3734 ||| FLEEEEING.
  3735 | D:4      | 3735 ||| FLEEEEING.
  3736 | D:4      | 3736 ||| FLEEEEING.
  3737 | D:4      | 3737 ||| FLEEEEING.
  3738 | D:4      | 3738 ||| FLEEEEING.
  3739 | D:4      | 3739 ||| FLEEEEING.
  3740 | D:4      | 3740 ||| FLEEEEING.
  3741 | D:4      | 3741 ||| FLEEEEING.
  3742 | D:4      | 3742 ||| FLEEEEING.
  3743 | D:4      | 3743 ||| FLEEEEING.
  3744 | D:4      | 3744 ||| FLEEEEING.
  3745 | D:4      | 3745 ||| FLEEEEING.
  3752 | D:4      | 3752 ||| FLEEEEING.
  3753 | D:4      | 3753 ||| FLEEEEING.
  3754 | D:4      | 3754 ||| FLEEEEING.
  3755 | D:4      | 3755 ||| FLEEEEING.
  3756 | D:4      | 3756 ||| FLEEEEING.
  3759 | D:4      | 3759 ||| STAIRDANCE
  3945 | Temple   | Entered the Ecumenical Temple
  4017 | Temple   | Became a worshipper of Warmaster Okawaru
  4144 | Temple   | 4144 ||| PLANNING D:1-11
  4168 | D:4      | 4168 ||| Stepping ~*~*~tactically~*~*~ (stealth).
  4175 | D:4      | 4175 ||| Stepping ~*~*~tactically~*~*~ (stealth).
  4178 | D:4      | 4178 ||| Stepping ~*~*~tactically~*~*~ (hiding).
  4188 | D:4      | HP: 7/35 [Eustachio/+2 rapier of venom (3)]
  4189 | D:4      | Reached skill level 7 in Axes
  4189 | D:4      | 4189 ||| DRINKING potion of heal wounds.
  4206 | D:4      | 4206 ||| FLEEEEING.
  4208 | D:4      | HP: 8/35 [poisoned by Eustachio]
  4213 | D:4      | HP: 3/35 [poisoned by Eustachio]
  4213 | D:4      | Slain by a white imp

Levels and vault maps discovered:
D:1:      matt_arrival_los_fun, layout_basic, chequers_serial_rivers_large_b
D:2:      layout_loops_cross, chequers_serial_rivers_room_a, uniq_terence
D:3:      layout_loops_ring, mainiacjoe_overflow_surrounded_room,
          mainiacjoe_overflow_six_doors_small,
          ebering_ecumenical_altar_sacrificial, ebering_ghost_sewer_d,
          serial_bayou_lagoon_b
D:4:      layout_basic, mainiacjoe_overflow_small_starburst,
          minmay_temple_entry_slanted, serial_shops, shop, uniq_eustachio
Temple:   oiseaux_autumnal_temple

Skill      XL: |  1  2  3  4  5  6 |
---------------+-------------------+-----
Axes           | 3 5 6 7 |  7.1
Fighting       | |  2.0
Throwing       | |  1.0
Armour         | |  1.1
Dodging        | |  2.1
Spellcasting   | |  2.0
Translocations | |  2.4

Action                   |  1- 3 |  4- 6 || total
-------------------------+-------+-------++-------
Melee: Hand axe          |    76 |    92 ||   168
       Kick              |    16 |    24 ||    40
       Peck              |    15 |     8 ||    23
Throw: Boomerang         |     7 |       ||     7
  Use: Scroll            |     5 |     5 ||    10
       Potion            |     1 |     3 ||     4
Armor: Leather armour    |     5 |       ||     5
       Ring mail         |    16 |    27 ||    43
       Scale mail        |       |     8 ||     8
Dodge: Dodged            |    34 |    49 ||    83

Table legend:
 A = Non-vault XP
 B = Vault XP
 C = Vault XP percentage of total XP
 D = Non-vault monster count
 E = Vault monster count
 F = Vault count percentage of total count
                 A         B        C        D         E       F
            +---------+---------+-------+---------+---------+-------
      Total |     385 |      36 |   8.6 |      69 |       1 |   1.4
            +---------+---------+-------+---------+---------+-------
        D:1 |      41 |       0 |   0.0 |      24 |       0 |   0.0
        D:2 |      97 |      36 |  27.1 |      25 |       1 |   3.8
        D:3 |      31 |       0 |   0.0 |      11 |       0 |   0.0
        D:4 |     216 |       0 |   0.0 |       9 |       0 |   0.0
            +---------+---------+-------+---------+---------+-------
